 Dungeon Crawl Stone Soup version 0.31.0-32-g396128a36d (webtiles) character file.

Game seed: 14143471478425910564

40 TacoSundae the Insei (level 3, 0/23 HPs)
             Began as an Octopode Shapeshifter on Apr 4, 2024.
             Killed from afar by Natasha (9 damage)
             ... with a puff of flame
             ... on level 2 of the Dungeon.
             The game lasted 00:02:22 (1009 turns).

TacoSundae the Insei (Octopode Shapeshifter)        Turns: 1009, Time: 00:02:23

Health: 0/23       AC:  1    Str: 13    XL:     3   Next: 50%
Magic:  3/3        EV: 13    Int: 12    God:
Gold:   86         SH:  0    Dex: 13    Spells: 2/2 levels left

rFire   . .          .
                       - Unarmed
rCold   . . .        (no shield)
rNeg    . . .        (helmet currently unavailable)
rPois   .            (no amulet)
rElec   .            l - ring of resist corrosion
rCorr   +            (no ring)
SInv    .            (no ring)
Will    .....        (no ring)
Stlth   ++           (no ring)
HPRegen 0.23/turn    (no ring)
MPRegen 0.08/turn    (no ring)
                     (no ring)

%: no passive effects
@: beast-form
A: beast (slay +2), almost no armour, amphibious, 8 rings, camouflage 1,
gelatinous body 1, (nimble swimmer 1), tentacles
a: Begin Untransformation


You were on level 2 of the Dungeon.
You were a hulking beast.
You visited 1 branch of the dungeon, and saw 2 of its levels.

You collected 86 gold pieces.

Inventory:

Hand Weapons
 d - a +1 sling of draining
 k - a +1 dagger of venom
Missiles
 h - 13 poisoned darts (quivered)
Jewellery
 l - a ring of resist corrosion (left tentacle)
Talismans
 b - a beast talisman
 c - a flux talisman
Wands
 p - a wand of iceblast (10)
Scrolls
 g - a scroll of brand weapon {unknown}
 i - 3 scrolls of teleportation {unknown}
 j - a scroll of fog {unknown}
 m - a scroll of poison {unknown}
Potions
 a - a potion of lignification
 e - 2 potions of heal wounds {unknown}
 f - a potion of curing {unknown}
 n - a potion of ambrosia {unknown}
 o - a potion of attraction {unknown}


   Skills:
 - Level 1.0 Fighting
 - Level 2.0 Dodging
 * Level 3.7 Unarmed Combat
 * Level 3.6 Shapeshifting


You had 2 spell levels left.
You didn't know any spells.
Your spell library was empty.

Dungeon Overview and Level Annotations

Branches:
Dungeon (2/15)

Altars:

Annotations:
D:2 Natasha


Innate Abilities, Weirdness & Mutations

You are a hulking beast.
Your limbs bulge with bestial killing power. (Slay +2)
You cannot wear most types of armour.
You are amphibious.
You can wear up to eight rings at the same time.
Your skin changes colour to match your surroundings (Stealth+).
Your rubbery body absorbs attacks. (AC +1, EV +1)
((You are camouflaged when in or above water. (Stealth+)))
You have tentacles for arms and can constrict up to eight enemies at once.


Message History

The jackal misses you.
You tentacle-slap the jackal but do no damage.
Your grab misses the jackal.
The jackal is severely wounded.
The jackal bites you.
You barely miss the jackal. Your grab misses the jackal.
Your squeeze misses the jackal.
The jackal is severely wounded.
The jackal bites you.
You closely miss the jackal. You grab the jackal.
The jackal is severely wounded.
You constrict the jackal. The jackal barely misses you. The jackal misses you.
You tentacle-slap the jackal.
You kill the jackal!
You tentacle-slap the jackal but do no damage.
Your grab misses the jackal. Your squeeze misses the jackal.
The jackal barely misses you. The jackal bites you.
You tentacle-slap the jackal. You grab the jackal. You squeeze the jackal.
You kill the jackal!
You swing at nothing.
Things that are here:
a jackal corpse; a jackal corpse You see here a +0 leather armour.
There is a stone staircase leading up here.
You see here a +0 leather armour.
Things that are here:
a jackal corpse; a jackal corpse
Found 5 boomerangs.
You see here 5 boomerangs.
Found a stone staircase leading down.
p - a wand of iceblast (10) Natasha, Servant of Life and Death comes into view.
She is carrying a wand of flame.
Natasha hisses angrily.
Natasha zaps a wand.
The puff of flame hits you!
Ouch! That really hurt!
Natasha completely misses you.
You closely miss Natasha. Your grab misses Natasha.
Natasha zaps a wand.
The puff of flame hits you!
You die...
Natasha curls up and begins to purr.

### # ..# # #####.##.#
## ##### #...hh...#...
.# #...# #.###+####...
.# #...# #.##.........
.# #...# #.##.......# .#
#...# #.##.......## .#
#...# #.##.........
.#####...####.##.......#
..................>#####
.#####...########......#


You could see Natasha.

Vanquished Creatures
  An adder (D:2)
  An orc (D:2)
  A bat (D:1)
  An endoplasm (D:1)
  3 giant cockroaches
  A goblin (D:1)
  3 hobgoblins
  6 jackals (D:2)
  4 ball pythons
  2 frilled lizards (D:1)
  2 kobolds (D:1)
  3 rats (D:1)
28 creatures vanquished.

Notes
Turn   | Place    | Note
-------+----------+-------------------------------------------
     0 | D:1      | TacoSundae the Octopode Shapeshifter began the quest for
                  | the Orb.
     0 | D:1      | Reached XP level 1. HP: 13/13 MP: 1/1
   126 | D:1      | Reached XP level 2. HP: 18/18 MP: 2/2
   684 | D:2      | Reached XP level 3. HP: 22/23 MP: 3/3
  1005 | D:2      | Noticed Natasha
  1009 | D:2      | Killed from afar by Natasha

Illustrated notes

Levels and vault maps discovered:
D:1:      lemuel_arrival_funnel, layout_rooms,
          hangedman_abyss_or_decor_lesser_grid
D:2:      layout_basic, uniq_natasha

Action                     || total
---------------------------++-------
  Melee: Unarmed           ||    54
         Constrict         ||    17
         Tentacles         ||    11
         Punch             ||     1
   Stab: Sleeping          ||     1
 Armour: Skin              ||    21
  Dodge: Dodged            ||    25
